 Dungeon Crawl Stone Soup version 0.30.1-11-g7821555f0a (webtiles) character file.

Game seed: 12839077981584850739

11 Martska the Trooper (level 2, -3/24 HPs)
             Began as a Demonspawn Fighter on Dec 13, 2023.
             Slain by a goblin
             ... wielding a +0 dagger
             ... led by Robin
              (5 damage)
             ... on level 1 of the Dungeon.
             The game lasted 00:00:43 (1201 turns).

Martska the Trooper (Demonspawn Fighter)            Turns: 1201, Time: 00:00:44

Health: -3/24      AC:  6    Str: 16    XL:     2   Next: 13%
Magic:  2/2        EV:  9    Int:  9    God:
Gold:   64         SH:  4    Dex: 12    Spells: 1/1 levels left

rFire   . . .        a - +0 trident
rCold   . . .        c - +0 buckler
rNeg    . . .        b - +0 scale mail
rPois   .            (no helmet)
rElec   .            (no cloak)
rCorr   .            (no gloves)
SInv    .            (no boots)
Will    .....        (no amulet) Stlth
                     h - ring of flight
HPRegen 0.24/turn    (no ring)
MPRegen 0.16/turn

%: no passive effects
@: flying
A: magic regeneration
a: no special abilities


You were on level 1 of the Dungeon.
You visited 1 branch of the dungeon, and saw 2 of its levels.

You collected 64 gold pieces.

Inventory:

Hand Weapons
 a - a +0 trident (weapon)
Armour
 b - a +0 scale mail (worn)
 c - a +0 buckler (worn)
Jewellery
 h - a ring of flight (left hand)
Scrolls
 f - a scroll of summoning {unknown}
 g - a scroll of immolation {unknown}
 i - a scroll of identify {unknown}
 j - a scroll of amnesia {unknown}
Potions
 d - a potion of might
 e - a potion of magic {unknown}
 k - 2 potions of curing {unknown}


   Skills:
 * Level 3.2 Fighting
 - Level 1.7 Polearms
 + Level 2.7 Armour
 * Level 0.8 Dodging
 + Level 2.8 Shields


You had one spell level left.
You didn't know any spells.
Your spell library was empty.

Dungeon Overview and Level Annotations

Branches:
Dungeon (2/15)

Altars:

Annotations:
D:2 Robin


Innate Abilities, Weirdness & Mutations

You regenerate magic rapidly.


Message History

The endoplasm is severely wounded.
You block the rat's attack.
The endoplasm hits you but does no damage.
A hobgoblin comes into view.
Robin throws the goblin at you!
The hobgoblin shouts!
You hit the endoplasm.
You kill the endoplasm!
The rat closely misses you. The goblin closely misses you.
A quokka comes into view.
You closely miss the goblin. The rat bites you but does no damage.
The goblin hits you but does no damage. The goblin hits you with a +0 dagger.
You miss the goblin.
A ball python comes into view.
The goblin hits you but does no damage. The rat bites you.
The goblin hits you but does no damage.
Robin roars a battlecry!
The goblins go into a battle-frenzy!
The rat bites you but does no damage. You block the goblin's attack. x2
The goblin closely misses you.
The ball python hisses angrily.
You block the rat's attack. The goblin hits you with a +0 club.
The goblin barely misses you. The goblin hits you with a +0 club.
You block the goblin's attack.
You fly upwards.
There is a stone staircase leading down here.
You barely miss the goblin. The rat bites you but does no damage.
The goblin hits you with a +0 club. x2
You closely miss the goblin. You block the rat's attack.
The goblin hits you with a +0 club.
* * * LOW HITPOINT WARNING * * *
The goblin hits you with a +0 club.
* * * LOW HITPOINT WARNING * * *
You hit the goblin.
You kill the goblin!
You block the rat's attack. The goblin hits you but does no damage.
The rat bites you.
* * * LOW HITPOINT WARNING * * *
The goblin hits you with a +0 dagger.
You die...

.#.#..........#
.#.#..........#
.#.'..........#
.###..........# .#
####...##### ###### .#
##)..### #..... .# #......#
#.#### .# #......###### #.#
.# #......#.gg@# ########.#
.# #......'..rg# #......^.#
.# #......#....# #........#
.#####......#....# #........#
............#....# #.......##
♣♣♣♣..#######....####.......#
♣♣.# #....#...##'##### ♣.#
#....#...##.# ♣.##
#....#...'..#


You could see 3 goblins and a rat.

Vanquished Creatures
  An endoplasm (D:2)
  A goblin (D:1)
  4 jackals (D:1)
  A quokka (D:1)
  2 frilled lizards (D:1)
  A kobold (D:1)
  A rat (D:1)
11 creatures vanquished.

Notes
Turn   | Place    | Note
-------+----------+-------------------------------------------
     0 | D:1      | Martska the Demonspawn Fighter began the quest for the Orb.
     0 | D:1      | Reached XP level 1. HP: 18/18 MP: 1/1
   975 | D:1      | Gained mutation: You regenerate magic rapidly. [demonic
                  | ancestry]
   975 | D:1      | Reached XP level 2. HP: 23/24 MP: 2/2
  1191 | D:2      | Noticed Robin
  1201 | D:1      | Slain by a goblin

Illustrated notes

Levels and vault maps discovered:
D:1:      saegor_arrival_simple_b, layout_basic, interstate_on_off,
          nrook_campfire
D:2:      layout_rooms, uniq_sigmund, uniq_robin

Action                     || total
---------------------------++-------
  Melee: Trident           ||    59
 Armour: Scale mail        ||    37
  Dodge: Dodged            ||    34
  Block: Buckler           ||    18
